 Dungeon Crawl Stone Soup version 0.29.1-15-g9cfb28693d (webtiles) character file.

Game seed: 7505769578703935056

63282 Renzlar the Blocker (level 15, -5/180 HPs)
             Began as a Gnoll Fighter on Feb 22, 2023.
             Was a High Priest of Okawaru.
             Slain by a minotaur (37 damage)
             ... in a Gauntlet.
             The game lasted 01:40:42 (20504 turns).

Renzlar the Blocker (Gnoll Fighter)                Turns: 20504, Time: 01:40:42

Health: -5/180     AC: 17    Str: 18    XL:     15   Next: 9%
Magic:  24/28      EV: 18    Int:  8    God:    Okawaru [*****.]
Gold:   926        SH:  8    Dex: 12    Spells: 18/33 levels left

rFire   + + +      SeeInvis +   b - +4 scimitar (flame)
rCold   + + .      Faith    .   x - +0 buckler
rNeg    . . .      Spirit   .   O - +4 skin of Zhor {*Englaciate rC+++ SInv}
rPois   .          Reflect  .   T - +2 hat {Will+}
rElec   +          Harm     .   s - +0 cloak
rCorr   +          Rampage  .   m - +2 pair of gloves
Will    ++...      NoTele   +   v - +1 pair of boots of Lucidity {rElec rF+++ Regen+ Str-4}
Stlth   ..........              C - amulet of regeneration
HPRegen 2.00/turn               U - ring "Ulacsid" {rElec rCorr Slay+4}
MPRegen 0.21/turn               z - ring of fire

@: berserking, heroic, freezing walls, very quick
A: fangs 1, strong nose, distributed training
a: Renounce Religion, Heroism, Finesse, Duel


You were in a Gauntlet.
You worshipped Okawaru.
Okawaru was extremely pleased with you.
You visited 3 branches of the dungeon, and saw 17 of its levels.
You also visited: Bailey and Gauntlet.

You collected 1497 gold pieces.
You spent 571 gold pieces at shops.

Inventory:

Hand Weapons
 a - a +1 war axe of protection
 b - a +4 scimitar of flaming (weapon)
 c - a +5 sling of freezing
 j - a +2 dagger of flaming
 p - a +7 quick blade
Missiles
 M - 5 curare-tipped darts (quivered)
Armour
 m - a +2 pair of gloves (worn)
 s - a +0 cloak (worn)
 u - the +4 chain mail of Pagef {rF+}
   (Okawaru gifted it to you on level 8 of the Dungeon)

   rF:        It protects you from fire.
 v - the +1 pair of boots of Lucidity (worn) {rElec rF+++ Regen+ Str-4}
   (Okawaru gifted it to you on level 8 of the Dungeon)

   Str:       It affects your strength (-4).
   rF:        It renders you almost immune to fire.
   rElec:     It insulates you from electricity.
   Regen:     It increases your rate of health regeneration.
 x - a +0 buckler (worn)
 O - the +4 skin of Zhor (worn) {*Englaciate rC+++ SInv}
   (You found it on level 8 of the Dungeon)

   It radiates cold, occasionally slowing all nearby creatures who are not
   resistant to cold.
   rC:        It renders you almost immune to cold.
   SInv:      It lets you see invisible.
 T - a +2 hat of willpower (worn)
Jewellery
 h - a ring of flight
 t - a ring of willpower
 z - a ring of fire (right hand)
 C - an amulet of regeneration (around neck)
 L - a ring of see invisible
 R - a ring of protection from cold
 S - a ring of willpower
 U - the ring "Ulacsid" (left hand) {rElec rCorr Slay+4}
   (You found it in a Gauntlet)

   [ring of slaying]

   Slay:      It affects your accuracy & damage with ranged weapons and melee
   (+4).
   rElec:     It insulates you from electricity.
   rCorr:     It protects you from acid and corrosion.
Wands
 q - a wand of mindburst (5)
 r - a wand of charming (16)
 y - a wand of flame (17)
 J - a wand of iceblast (17)
 P - a wand of acid (4)
Scrolls
 k - 8 scrolls of teleportation
 n - 5 scrolls of blinking
 o - 4 scrolls of fear
 E - 2 scrolls of silence
 F - 2 scrolls of amnesia
 G - a scroll of identify
 I - a scroll of magic mapping
 Q - 2 scrolls of enchant armour
Potions
 d - 2 potions of might
 e - 6 potions of haste
 f - 6 potions of lignification
 g - 3 potions of berserk rage
 i - 9 potions of curing
 l - 4 potions of heal wounds
 A - a potion of resistance
 B - 2 potions of mutation
 D - 2 potions of cancellation
 H - 3 potions of invisibility
Miscellaneous
 N - a lightning rod (4/4)


   Skills:
 + Level 11.6(16.6) Fighting
 + Level 9.7(14.7) Short Blades
 + Level 9.7(14.7) Long Blades
 + Level 10.7(15.7) Axes
 + Level 9.7(14.7) Maces & Flails
 + Level 9.7(14.7) Polearms
 + Level 9.7(14.7) Staves
 + Level 9.7(14.7) Ranged Weapons
 + Level 9.7(14.7) Throwing
 + Level 11.6(16.6) Armour
 + Level 9.7(14.7) Dodging
 + Level 9.7(14.7) Stealth
 + Level 11.6(16.6) Shields
 + Level 9.7(14.7) Unarmed Combat
 + Level 9.7 Spellcasting
 + Level 8.1 Conjurations
 + Level 8.1 Hexes
 + Level 8.1 Summonings
 + Level 8.1 Necromancy
 + Level 8.1 Translocations
 + Level 8.1 Transmutations
 + Level 8.1 Fire Magic
 + Level 8.1 Ice Magic
 + Level 8.1 Air Magic
 + Level 8.1 Earth Magic
 + Level 8.1 Poison Magic
 + Level 10.5 Invocations
 + Level 9.7 Evocations


You had 18 spell levels left.
You knew the following spells:

 Your Spells              Type           Power      Damage    Failure   Level
a - Stone Arrow           Conj/Erth      32%        3d9       1%          3
b - Frozen Ramparts       Ice            32%        1d5       1%          3
c - Olgreb's Toxic Radia  Pois           16%        N/A       6%          4
d - Yara's Violent Unrav  Hex/Tmut       8%         3d5       19%         5

Your spell library contained the following spells:

 Spells                   Type           Power      Damage    Failure   Level
 Foxfire                  Conj/Fire      100%       2x1d9     1%          1
 Freeze                   Ice            64%        1d8       1%          1
 Sandblast                Erth           32%        2d9       1%          1
 Ensorcelled Hibernation  Hex/Ice        32%        N/A       1%          2
 Passwall                 Tmut/Erth      13%        N/A       1%          2
 Conjure Flame            Conj/Fire      25%        6-21      1%          3
 Gell's Gravitas          Tloc           16%        N/A       1%          3
 Inner Flame              Hex/Fire       25%        N/A       1%          3
 Lesser Beckoning         Tloc           16%        N/A       1%          3
 Swiftness                Air            16%        N/A       1%          3
 Teleport Other           Tloc           16%        N/A       1%          3
 Flame Wave               Conj/Fire      25%        2d8       6%          4
 Hailstorm                Conj/Ice       16%        3d6       6%          4
 Leda's Liquefaction      Hex/Erth       8%         N/A       6%          4
 Passage of Golubria      Tloc           16%        N/A       6%          4
 Lee's Rapid Deconstruct  Erth           8%         3d8*      19%         5
 Statue Form              Tmut/Erth      10%        N/A       69%         6
 Ozocubu's Refrigeration  Ice            8%         4d9       99%         7
 Ignition                 Fire           12%        3d6       100%        8
 Tukima's Dance           Hex            Unusable   N/A       N/A         3

Dungeon Overview and Level Annotations

Branches:
Dungeon (12/15)            Temple (1/1) D:4            Lair (4/5) D:8
  Swamp (0/4) Lair:3       Spider (0/4) Lair:3          Orc (0/2) D:9
 Bailey (visited)         Gauntlet (1/1)
  Slime: Lair:4-5

Altars:
Ashenzari
Cheibriados
Dithmenos
Elyvilon
Fedhas
Hepliaklqana
Kikubaaqudgha
Makhleb
Nemelex Xobeh
Okawaru
Qazlal
Ru
Sif Muna
Trog
Uskayaw
Vehumet
Wu Jian
Xom
Yredelemnul
Zin
The Shining One

Shops:
D:8 (   D:10 :

Annotations:
D:12 1 runed translucent door, Goesm's ghost, journeyman MiFi Gauntlet 7 transporters


Innate Abilities, Weirdness & Mutations

You have very sharp teeth.
Your uncanny sense of smell can sniff out nearby items.
Your experience applies equally to all skills.


Message History

You radiate an aura of cold.
The minotaur seems to slow down.
The wall freezes the minotaur but does no damage.
The minotaur hits you but does no damage.
The minotaur gores you.
You hit the minotaur but do no damage.
You bite the minotaur, but do no damage.
The minotaur is moderately wounded.
The wall freezes the minotaur but does no damage.
The minotaur hits you but does no damage.
The minotaur gores you.
You hit the minotaur. You burn the minotaur.
The minotaur is moderately wounded.
The wall freezes the minotaur but does no damage.
The minotaur hits you!!! You block the minotaur's attack.
You gain the combat prowess of a mighty hero.
The wall freezes the minotaur.
The minotaur hits you! The minotaur completely misses you.
You slash the minotaur! You burn the minotaur.
The minotaur is moderately wounded.
The minotaur is no longer moving slowly.
The wall freezes the minotaur but does no damage.
The minotaur barely misses you. The minotaur closely misses you.
You slash the minotaur! You burn the minotaur.
The minotaur is heavily wounded.
The wall freezes the minotaur but does no damage.
You block the minotaur's attack. The minotaur closely misses you.
You slash the minotaur! You burn the minotaur.
The minotaur is heavily wounded.
The wall freezes the minotaur but does no damage.
The minotaur hits you!! You block the minotaur's attack.
A red film seems to cover your vision as you go berserk!
You feel yourself moving faster!
You feel mighty!
The wall freezes the minotaur but does no damage.
The minotaur hits you!!!
* * * LOW HITPOINT WARNING * * *
The minotaur gores you.
* * * LOW HITPOINT WARNING * * *
The wall freezes the minotaur but does no damage.
The minotaur hits you!!!
You die...

##≈.. .. ##.P #.#
..##..♣ ..##.# ♣.#..P.
#....##...#.♣..
#.##....©.#....
..##.##...#....
######....##.©.#....
#∩H@.'.##......#..∩.
########.##.##.©.#....
#..##.##....##...#....
##....##.##....©.#....
##.##....##.##...#.♣P.
#..##.##....##.♣.#..PP
##....##.##......##..♣
####....##.##.♣.###.P
##########...##≈..


You could see a minotaur (berserk).

Vanquished Creatures
  Gastronok (Lair:2)
  Kirke (Lair:3)
  Nessos (Lair:3)
  2 vault guards (Bailey)
  2 boulder beetles
  6 hydras
  The ghost of hawla the Arsonist, a journeyman MeFE of Jiyva (Lair:2)
  4 two-headed ogres
  Erica (D:9)
  3 death yaks (D:8)
  Amaemon (Arena)
  An oklob plant (Gauntlet)
  An ugly thing (D:11)
  3 cyclopes
  9 elephants
  A black mamba (Lair:2)
  A torpor snail (Gauntlet)
  Joseph (D:8)
  An orange demon (Lair:2)
  A gargoyle (D:12)
  5 cane toads
  2 komodo dragons (Lair:3)
  Psyche (D:12)
  4 unseen horrors
  A kobold demonologist (D:12)
  A rime drake (Lair:3)
  An efreet (D:8)
  A polar bear (Lair:2)
  A troll (D:8)
  Prince Ribbit (Bailey)
  5 blink frogs (Lair:2)
  7 dream sheep (Lair:3)
  4 vampires
  A shadow (D:11)
  38 yaks
  4 wyverns
  2 wraiths
  3 hogs (Lair:3)
  6 humans (Bailey)
  3 steam dragons
  6 vampire mosquitoes
  3 basilisks
  Menkaure (D:7)
  An acid dragon (Gauntlet)
  8 water moccasins
  An ice beast (D:6)
  2 black bears
  5 orc warriors
  4 sky beasts
  An ogre (D:6)
  5 wolves (Gauntlet)
  2 centaurs
  A phantom (D:5)
  22 bullfrogs
  3 gnoll sergeants
  2 necrophages (D:6)
  3 scorpions
  3 wights (D:8)
  5 killer bees (D:11)
  2 howler monkeys (D:9)
  A crimson imp (D:4)
  A quasit (D:8)
  4 hounds
  Crazy Yiuf (D:3)
  2 gnoll boudas
  7 orc priests
  2 jellies
  Ijyb (D:3)
  5 iguanas
  16 orc wizards
  Robin (D:3)
  31 gnolls
  3 adders
  A shadow imp (D:8)
  3 white imps
  An ufetubus (D:5)
  2 worms
  5 dart slugs
  50 orcs
  4 ball pythons
  6 endoplasms
  4 giant cockroaches
  21 goblins
  7 hobgoblins
  5 jackals
  6 quokkas
  A bat (D:2)
  6 frilled lizards
  2 kobolds
  6 rats
418 creatures vanquished.

Vanquished Creatures (others)
  11 demonic plants (D:8)
  8 fungi
  7 plants
26 creatures vanquished.

Grand Total: 444 creatures vanquished

Notes
Turn   | Place    | Note
-------+----------+-------------------------------------------
     0 | D:1      | Renzlar the Gnoll Fighter began the quest for the Orb.
     0 | D:1      | Reached XP level 1. HP: 23/23 MP: 1/1
   100 | D:1      | Reached XP level 2. HP: 24/29 MP: 2/2
   485 | D:1      | Found a faded altar of an unknown god.
   811 | D:2      | Reached XP level 3. HP: 35/35 MP: 3/3
   899 | D:2      | Reached skill level 1 in Invocations
  1315 | D:3      | Reached skill level 1 in Short Blades
  1315 | D:3      | Reached skill level 1 in Long Blades
  1315 | D:3      | Reached skill level 1 in Maces & Flails
  1315 | D:3      | Reached skill level 1 in Polearms
  1315 | D:3      | Reached skill level 1 in Staves
  1315 | D:3      | Reached skill level 1 in Ranged Weapons
  1315 | D:3      | Reached skill level 1 in Throwing
  1315 | D:3      | Reached skill level 1 in Dodging
  1315 | D:3      | Reached skill level 1 in Stealth
  1315 | D:3      | Reached skill level 1 in Unarmed Combat
  1315 | D:3      | Reached skill level 1 in Spellcasting
  1315 | D:3      | Reached skill level 1 in Evocations
  1423 | D:3      | Reached XP level 4. HP: 41/41 MP: 5/5
  1469 | D:3      | Noticed Robin
  1482 | D:3      | Killed Robin
  1483 | D:3      | Reached skill level 1 in Conjurations
  1483 | D:3      | Reached skill level 1 in Hexes
  1483 | D:3      | Reached skill level 1 in Summonings
  1483 | D:3      | Reached skill level 1 in Necromancy
  1483 | D:3      | Reached skill level 1 in Translocations
  1483 | D:3      | Reached skill level 1 in Transmutations
  1483 | D:3      | Reached skill level 1 in Fire Magic
  1483 | D:3      | Reached skill level 1 in Ice Magic
  1483 | D:3      | Reached skill level 1 in Air Magic
  1483 | D:3      | Reached skill level 1 in Earth Magic
  1483 | D:3      | Reached skill level 1 in Poison Magic
  1699 | D:3      | Noticed Ijyb
  1718 | D:3      | Killed Ijyb
  1810 | D:3      | Found a runed translucent door.
  1811 | D:3      | Noticed Crazy Yiuf
  1816 | D:3      | Killed Crazy Yiuf
  1817 | D:3      | Reached XP level 5. HP: 47/47 MP: 7/7
  2053 | D:4      | Reached XP level 6. HP: 39/53 MP: 8/8
  2529 | D:4      | Reached skill level 5 in Axes
  2668 | D:4      | Found a staircase to the Ecumenical Temple.
  2674 | Temple   | Entered the Ecumenical Temple
  2781 | Temple   | Became a worshipper of Warmaster Okawaru
  3488 | D:5      | Entered Level 5 of the Dungeon
  3572 | D:5      | Reached XP level 7. HP: 50/60 MP: 10/10
  3999 | D:5      | Reached * piety under Okawaru
  4578 | D:6      | Reached XP level 8. HP: 64/67 MP: 12/12
  4657 | D:6      | Reached ** piety under Okawaru
  5507 | D:6      | Reached *** piety under Okawaru
  5508 | D:6      | Reached XP level 9. HP: 73/73 MP: 14/14
  5790 | D:7      | Found an ancient bone altar of Kikubaaqudgha.
  6083 | D:7      | Noticed Menkaure
  6091 | D:7      | Killed Menkaure
  6421 | D:8      | Found a flagged portal.
  6434 | Bailey   | Entered a bailey
  6452 | Bailey   | Reached skill level 5 in Invocations
  6452 | Bailey   | Reached **** piety under Okawaru
  6613 | Bailey   | Learned a level 3 spell: Stone Arrow
  6729 | Bailey   | Reached skill level 5 in Short Blades
  6729 | Bailey   | Reached skill level 5 in Long Blades
  6729 | Bailey   | Reached skill level 5 in Maces & Flails
  6729 | Bailey   | Reached skill level 5 in Polearms
  6729 | Bailey   | Reached skill level 5 in Staves
  6729 | Bailey   | Reached skill level 5 in Ranged Weapons
  6729 | Bailey   | Reached skill level 5 in Throwing
  6729 | Bailey   | Reached skill level 5 in Dodging
  6729 | Bailey   | Reached skill level 5 in Stealth
  6729 | Bailey   | Reached skill level 5 in Unarmed Combat
  6729 | Bailey   | Reached skill level 5 in Spellcasting
  6729 | Bailey   | Reached skill level 5 in Evocations
  6729 | Bailey   | Reached XP level 10. HP: 40/81 MP: 14/17
  6980 | Bailey   | Noticed a vault guard
  6983 | Bailey   | Noticed Prince Ribbit
  7020 | Bailey   | Killed a vault guard
  7020 | Bailey   | Reached ***** piety under Okawaru
  7020 | Bailey   | Received a gift from Okawaru
  7093 | Bailey   | Killed Prince Ribbit
  7273 | Bailey   | Noticed a vault guard
  7357 | Bailey   | Killed a vault guard
  7636 | D:8      | Learned a level 3 spell: Frozen Ramparts
  7641 | D:8      | Noticed Joseph
  7660 | D:8      | Killed Joseph
  7660 | D:8      | Received a gift from Okawaru
  7813 | D:8      | Noticed a cyclops
  7813 | D:8      | Found the +4 skin of Zhor {*Englaciate rC+++ SInv}
  7936 | D:8      | Killed a cyclops
  8365 | D:8      | Learned a level 4 spell: Olgreb's Toxic Radiance
  8457 | D:8      | Reached skill level 5 in Conjurations
  8457 | D:8      | Reached skill level 5 in Hexes
  8457 | D:8      | Reached skill level 5 in Summonings
  8457 | D:8      | Reached skill level 5 in Necromancy
  8457 | D:8      | Reached skill level 5 in Translocations
  8457 | D:8      | Reached skill level 5 in Transmutations
  8457 | D:8      | Reached skill level 5 in Fire Magic
  8457 | D:8      | Reached skill level 5 in Ice Magic
  8457 | D:8      | Reached skill level 5 in Air Magic
  8457 | D:8      | Reached skill level 5 in Earth Magic
  8457 | D:8      | Reached skill level 5 in Poison Magic
  8695 | D:8      | Found Sumnargheg's Antique Weapon Emporium.
  8700 | D:8      | Bought a glowing sling for 67 gold pieces
  8724 | D:8      | Noticed a two-headed ogre
  8733 | D:8      | Killed a two-headed ogre
  8733 | D:8      | Identified the +4 chain mail of Pagef {rF+} (Okawaru gifted
                  | it to you on level 8 of the Dungeon)
  8733 | D:8      | Received a gift from Okawaru
  8734 | D:8      | Reached XP level 11. HP: 34/89 MP: 17/20
  9050 | D:8      | Noticed a death yak
  9051 | D:8      | Noticed a death yak
  9101 | D:8      | Killed a death yak
  9458 | D:8      | Noticed a death yak
  9464 | D:8      | Killed a death yak
  9483 | D:8      | Killed a death yak
  9715 | D:8      | Found a staircase to the Lair.
  9806 | D:8      | Noticed a cyclops
  9836 | D:8      | Killed a cyclops
 10137 | D:8      | Noticed a boulder beetle
 10179 | D:8      | Killed a boulder beetle
 10933 | D:8      | Found an ornate altar of the Wu Jian Council.
 10933 | D:8      | Found a shimmering altar of Xom.
 10939 | D:8      | Found a blossoming altar of Fedhas.
 10941 | D:8      | Found a snail-covered altar of Cheibriados.
 10943 | D:8      | Found a white marble altar of Elyvilon.
 11225 | D:9      | Found a staircase to the Orcish Mines.
 11307 | D:9      | Found a sacrificial altar of Ru.
 11638 | D:9      | Noticed Erica
 11661 | D:9      | Killed Erica
 11662 | D:9      | Reached XP level 12. HP: 78/97 MP: 22/22
 12157 | D:10     | Entered Level 10 of the Dungeon
 12170 | D:10     | Found Fatus's Book Boutique.
 12194 | D:10     | Found a broken altar of Ashenzari.
 13104 | D:10     | Found a burning altar of Makhleb.
 13114 | D:10     | Received a gift from Okawaru
 13119 | D:10     | Identified a scroll of acquirement
 13119 | D:10     | Acquired 312 gold pieces
 13237 | D:10     | Learned a level 5 spell: Yara's Violent Unravelling
 13257 | D:11     | Noticed a four-headed hydra
 13289 | D:11     | Killed a one-headed hydra
 13290 | D:11     | Reached skill level 10 in Fighting
 13290 | D:11     | Reached skill level 10 in Armour
 13290 | D:11     | Reached skill level 10 in Shields
 13515 | D:11     | Received a gift from Okawaru
 13667 | D:11     | Noticed a four-headed hydra
 13683 | D:11     | Killed a one-headed hydra
 13798 | D:11     | Received a gift from Okawaru
 14529 | D:11     | Noticed a two-headed ogre
 14549 | D:11     | Killed a two-headed ogre
 15072 | D:12     | Noticed a two-headed ogre
 15080 | D:12     | Killed a two-headed ogre
 15231 | D:12     | Noticed Psyche
 15241 | D:12     | Killed Psyche
 15309 | D:12     | Found a runed translucent door.
 15315 | D:12     | Identified the +5 trident of the Puffball {spect, *Rage
                  | rC+++ Will++ Dex-5}
 15316 | D:12     | Noticed Goesm's ghost (journeyman MiFi)
 15363 | D:12     | Noticed a two-headed ogre
 15374 | D:12     | Received a gift from Okawaru
 15375 | D:12     | Killed a two-headed ogre
 15511 | D:12     | Noticed a boulder beetle
 15557 | D:12     | Killed a boulder beetle
 15558 | D:12     | Reached XP level 13. HP: 82/104 MP: 10/25
 16510 | D:10     | Bought a book of the Earth for 504 gold pieces
 16571 | Lair:1   | Entered Level 1 of the Lair of Beasts
 16599 | D:8      | Identified the +1 pair of boots of Lucidity {rElec rF+++
                  | Regen+ Str-4} (Okawaru gifted it to you on level 8 of the
                  | Dungeon)
 16599 | D:8      | Received a gift from Okawaru
 17432 | Lair:1   | Reached skill level 10 in Axes
 17432 | Lair:1   | Reached XP level 14. HP: 113/113 MP: 25/27
 17841 | Lair:2   | Reached skill level 10 in Invocations
 17977 | Lair:2   | Noticed Amaemon
 17981 | Arena    | Entered the Arena
 17985 | Arena    | Killed Amaemon
 18110 | Lair:2   | Noticed Gastronok
 18142 | Lair:2   | Killed Gastronok
 18301 | Lair:2   | Found a large runed translucent door.
 18302 | Lair:2   | Found a large runed translucent door.
 18307 | Lair:2   | Noticed hawla's ghost (journeyman MeFE)
 18324 | Lair:2   | Killed hawla's ghost
 19063 | Lair:3   | Received a gift from Okawaru
 19162 | Lair:3   | Noticed Nessos
 19225 | Lair:3   | Killed Nessos
 19247 | Lair:3   | Noticed Kirke
 19329 | Lair:3   | Killed Kirke
 19329 | Lair:3   | Received a gift from Okawaru
 19377 | Lair:3   | Found a hole to the Spider Nest.
 19578 | Lair:3   | Reached XP level 15. HP: 15/119 MP: 26/28
 19637 | Lair:3   | Found a staircase to the Swamp.
 20018 | Lair:4   | Found a gate leading to a gauntlet.
 20027 | Gauntlet | Entered a Gauntlet
 20027 | Gauntlet | Found a transporter.
 20034 | Gauntlet | Found a transporter.
 20036 | Gauntlet | Found a transporter.
 20053 | Gauntlet | Found a transporter.
 20054 | Gauntlet | Found a transporter.
 20067 | Gauntlet | Found a transporter.
 20084 | Gauntlet | Found a transporter.
 20094 | Gauntlet | Found a transporter.
 20108 | Gauntlet | Found a transporter.
 20123 | Gauntlet | Found a transporter.
 20133 | Gauntlet | Found a transporter.
 20136 | Gauntlet | Found a transporter.
 20152 | Gauntlet | Found a runed translucent door.
 20265 | Gauntlet | Found a transporter.
 20332 | Gauntlet | Received a gift from Okawaru
 20339 | Gauntlet | Identified the ring "Ulacsid" {rElec rCorr Slay+4}
 20504 | Gauntlet | Slain by a minotaur

Illustrated notes

Levels and vault maps discovered:
D:1:      roderic_crossed_star, layout_rooms,
          shapermc_ecumenical_altar_totnotflames
D:2:      layout_basic
D:3:      layout_basic, grunt_ministairs_10, uniq_ijyb, uniq_robin,
          uniq_crazy_yiuf_cottage
D:4:      layout_layer_cave, minmay_temple_entry_glassed_door,
          minmay_fire_ice_demons
D:5:      layout_loops_ring
D:6:      layout_cave_pools
D:7:      layout_basic, general_overflow_altar, uniq_menkaure
D:8:      minmay_the_grid_octo_2x2 [minmay_the_grid_octo_clover,
          minmay_the_grid_octo_tetromino_candy,
          minmay_the_grid_octo_thin_diamonds, minmay_the_grid_octo_prize_big_c],
          layout_basic, chequers_temple_overflow_minitemple, dpeg_lair_monsters,
          serial_demonic, serial_demonic_c, serial_demonic_c, serial_demonic_e,
          serial_demonic_d, serial_shops, kennysheep_little_box, enter_bailey_5,
          uniq_joseph
D:9:      layout_irregular_city, nicolae_ru_great_annihilating_truth,
          orc_0_dummy, uniq_erica
D:10:     layout_roguey, bloody_makhleb, kennysheep_mini, serial_shops,
          shop_fountains
D:11:     layout_basic
D:12:     minmay_goldmine, layout_small_grid, ebering_ghost_funeral_grove,
          uniq_psyche
Temple:   oiseaux_autumnal_temple
Lair:1:   layout_regular_city
Lair:2:   layout_loops_ring, ebering_ghost_disaster_area, uniq_amaemon,
          uniq_gastronok
Lair:3:   layout_long_grid, palyth_hydra_swamp_entry,
          spider_nest_entry_web_field, nicolae_quartered_pool_super,
          st_stairs_6, chequers_serial_rivers_large_b, uniq_kirke, uniq_nessos
Lair:4:   layout_hall_layers, gauntlet_entry_generic
Gauntlet: minmay_gauntlet_77_tree [minmay_gauntlet_arena_77_path,
          minmay_gauntlet_arena_77_tiled_triplets,
          minmay_gauntlet_arena_77_checkered, minmay_gauntlet_arena_77_mirror,
          minmay_gauntlet_arena_77_hold_the_fort,
          minmay_gauntlet_arena_77_braids, minmay_gauntlet_arena_77_two_lines,
          gauntlet_exit_green]

Skill      XL: |  1  2  3  4  5  6  7  8  9 10 11 12 13 14 |
---------------+-------------------------------------------+-----
Invocations    | 1 2 3 4 5 6 7 8 9 10 | 10.5
Short Blades   | 1 2 3 5 6 7 8 9 |  9.7
Long Blades    | 1 2 3 5 6 7 8 9 |  9.7
Maces & Flails | 1 2 3 5 6 7 8 9 |  9.7
Polearms       | 1 2 3 5 6 7 8 9 |  9.7
Staves         | 1 2 3 5 6 7 8 9 |  9.7
Ranged Weapons | 1 2 3 5 6 7 8 9 |  9.7
Throwing       | 1 2 3 5 6 7 8 9 |  9.7
Dodging        | 1 2 3 5 6 7 8 9 |  9.7
Stealth        | 1 2 3 5 6 7 8 9 |  9.7
Unarmed Combat | 1 2 3 5 6 7 8 9 |  9.7
Spellcasting   | 1 2 3 5 6 7 8 9 |  9.7
Evocations     | 1 2 3 5 6 7 8 9 |  9.7
Conjurations   | 1 2 3 4 5 6 7 8 |  8.1
Hexes          | 1 2 3 4 5 6 7 8 |  8.1
Summonings     | 1 2 3 4 5 6 7 8 |  8.1
Necromancy     | 1 2 3 4 5 6 7 8 |  8.1
Translocations | 1 2 3 4 5 6 7 8 |  8.1
Transmutations | 1 2 3 4 5 6 7 8 |  8.1
Fire Magic     | 1 2 3 4 5 6 7 8 |  8.1
Ice Magic      | 1 2 3 4 5 6 7 8 |  8.1
Air Magic      | 1 2 3 4 5 6 7 8 |  8.1
Earth Magic    | 1 2 3 4 5 6 7 8 |  8.1
Poison Magic   | 1 2 3 4 5 6 7 8 |  8.1
Axes           | 5 6 7 8 9 10 | 10.7
Fighting       | 7 8 9 10 11 | 11.6
Armour         | 7 8 9 10 11 | 11.6
Shields        | 7 8 9 10 11 | 11.6

Action                   |  1- 3 |  4- 6 |  7- 9 | 10-12 | 13-15 || total
-------------------------+-------+-------+-------+-------+-------++-------
Melee: War axe           |    93 |   147 |   284 |   382 |       ||   906
       Bite              |     5 |     7 |    35 |    77 |    84 ||   208
       Dagger            |       |       |     1 |     2 |     5 ||     8
       Scimitar          |       |       |       |   240 |   344 ||   584
       Quick blade       |       |       |       |     3 |   110 ||   113
 Fire: Sling             |       |     1 |    98 |   244 |   163 ||   506
Throw: Throwing net      |       |       |     2 |     4 |     5 ||    11
       Dart              |       |       |       |     6 |     4 ||    10
 Cast: Stone Arrow       |       |       |       |     1 |       ||     1
       Frozen Ramparts   |       |       |       |    12 |    13 ||    25
       Olgreb's Toxic Ra |       |       |       |    10 |    14 ||    24
       Yara's Violent Un |       |       |       |     1 |       ||     1
Invok: Heroism           |       |       |     3 |    13 |     2 ||    18
       Duel              |       |       |       |       |     1 ||     1
Evoke: Wand              |       |     6 |       |     5 |       ||    11
       Lightning rod     |       |       |       |     4 |       ||     4
  Use: Scroll            |     8 |     2 |     7 |    11 |     4 ||    32
       Potion            |       |       |       |     8 |     2 ||    10
 Stab: Sleeping          |       |       |     1 |     5 |    10 ||    16
       Distracted        |       |       |       |       |     1 ||     1
       Held in net/web   |       |       |       |       |     1 ||     1
Armor: Scale mail        |    36 |    77 |    32 |       |       ||   145
       Chain mail        |       |       |    19 |       |       ||    19
       Ring mail         |       |       |   124 |    36 |       ||   160
       Skin              |       |       |       |    27 |       ||    27
       Animal skin       |       |       |       |   121 |   129 ||   250
Dodge: Dodged            |    24 |    64 |   178 |   293 |   229 ||   788
Block: Buckler           |    19 |    36 |    80 |   136 |   100 ||   371
